 Dungeon Crawl Stone Soup version 0.23.2-40-g277498a001 (webtiles) character file.

Game seed: 9748869783623620386

2609 DildoBatman the Tainter (level 9, 0/57 HPs)
             Began as a Formicid Wizard on Aug 15, 2019.
             Was a Believer of Kikubaaqudgha.
             Shot with an arrow by a centaur (7 damage)
             ... on level 7 of the Dungeon.
             The game lasted 00:34:14 (7598 turns).

DildoBatman the Tainter (Formicid Wizard)           Turns: 7598, Time: 00:34:15

Health: 0/57       AC:  2    Str: 13    XL:     9   Next: 90%
Magic:  8/16       EV: 16    Int: 24    God:    Kikubaaqudgha [**....]
Gold:   394        SH:  0    Dex:  9    Spells: 6/18 levels left

rFire    . . .     SeeInvis +   b - +4 spear
rCold    . . .     Gourm    .   (no shield)
rNeg     . . .     Faith    +   s - +0 robe
rPois    .         Spirit   .   (helmet unavailable)
rElec    .         Reflect  .   (no cloak)
rCorr    .         Harm     .   (no gloves)
MR       .....                  (no boots)
Stlth    ++........             o - amulet of faith
HPRegen  0.19/turn              j - +4 ring of evasion
MPRegen  0.15/turn              d - +4 ring of intelligence (curse)

@: no status effects
A: permanent stasis, dig shafts and tunnels, four strong arms, antennae 3
a: Dig, Shaft Self, Receive Corpses, Renounce Religion


You were on level 7 of the Dungeon.
You worshipped Kikubaaqudgha.
Kikubaaqudgha was pleased with you.
You were hungry.

You visited 2 branches of the dungeon, and saw 8 of its levels.

You collected 394 gold pieces.

Inventory:

Hand Weapons
 a - a +0 hunting sling
 b - a +4 spear (weapon)
 c - a +3 short sword of electrocution
 F - a +4 flail of protection
Missiles
 f - 3 tomahawks of returning (quivered)
 g - 141 arrows
 m - 123 stones
 w - 45 bolts
 y - 22 poisoned needles
 E - 12 sling bullets
Armour
 s - a +0 robe (worn)
Jewellery
 d - a cursed +4 ring of intelligence (right hand)
 h - an uncursed ring of flight
 j - a +4 ring of evasion (left hand)
 l - a +2 ring of protection {unknown}
 o - an amulet of faith (around neck)
 B - a cursed amulet of inaccuracy {unknown}
 G - a +3 amulet of reflection {unknown}
 I - a cursed ring of attention {unknown}
Wands
 M - a wand of acid (6)
Scrolls
 e - a scroll of blinking {unknown}
 k - 4 scrolls of fog
 n - 2 scrolls of noise {unknown}
 p - 4 scrolls of enchant armour
 r - 2 scrolls of magic mapping {unknown}
 t - a scroll of enchant weapon {unknown}
 x - 5 scrolls of remove curse
 z - 5 scrolls of identify
 K - a scroll of fear {unknown}
Potions
 i - a potion of mutation {unknown}
 q - a potion of heal wounds {unknown}
 u - 2 potions of curing
 A - 3 potions of invisibility {unknown}
 C - a potion of flight {unknown}
 D - a potion of resistance {unknown}
 H - a potion of lignification {unknown}
 J - a potion of cancellation {unknown}
 L - a potion of magic {unknown}
Comestibles
 v - 7 rations


   Skills:
 - Level 1.0 Polearms
 - Level 1.7 Dodging
 - Level 2.4 Stealth
 - Level 5.1 Spellcasting
 - Level 6.1 Conjurations
   Level 1.0 Summonings
 * Level 3.6 Necromancy
   Level 0.8 Translocations
 - Level 4.0 Fire Magic
 - Level 4.1 Air Magic
 - Level 8.0 Poison Magic


You had 6 spell levels left.
You knew the following spells:

 Your Spells              Type           Power        Failure   Level  Hunger
a - Conjure Flame         Conj/Fire      ####....     3%          3    ##.....
c - Magic Dart            Conj           ####         1%          1    None
d - Vampiric Draining     Necr           ###.......   6%          3    ##.....
e - Mephitic Cloud        Conj/Pois/Air  #####...     2%          3    ##.....
z - Sublimation of Blood  Necr           ###.......   3%          2    None

Your spell library contained the following spells:

 Spells                   Type           Power        Failure   Level  Hunger
 Pain                     Necr           ###.         1%          1    None
 Corpse Rot               Necr           N/A          3%          2    None
 Call Imp                 Summ           ##......     9%          2    None
 Slow                     Hex            #.......     13%         2    None
 Blink                    Tloc           Unusable     N/A         2    N/A

Dungeon Overview and Level Annotations

Branches:
Dungeon (7/15)             Temple (1/1) D:6

Altars:
Ashenzari
Cheibriados
Dithmenos
Elyvilon
Fedhas
Gozag
Hepliaklqana
Kikubaaqudgha
Nemelex Xobeh
Okawaru
Ru
Trog
Uskayaw
Vehumet
Wu Jian
Yredelemnul
Zin
The Shining One

Shops:
D:6 *

Annotations:
D:6 3 runed translucent doors, Sassenached's ghost, novice DsWn


Innate Abilities, Weirdness & Mutations

You cannot be hasted, slowed, berserked, paralysed or teleported.
You can dig through walls and to a lower floor.
Your four strong arms can wield two-handed weapons with a shield.
You have a pair of large antennae on your head. (SInv)


Message History

You barely miss the hippogriff.
The hippogriff is almost dead.
The hippogriff is engulfed in blazing flames.
You kill the hippogriff!
Kikubaaqudgha accepts your kill.
Training target 5.0 for Spellcasting reached!
Your Spellcasting skill increases to level 5!
Things that are here:
a +0 club x2
There is a stone staircase leading down here.
You climb downwards.
The adder zombie misses you.
The centaur wields a +0 shortbow.
The centaur shoots an arrow.
The arrow hits you! The adder zombie bites you.
The centaur shoots an arrow.
The arrow hits you!
You die...
Kikubaaqudgha rasps: "You have failed me!
Welcome... death!"

#.#..H##.....#
######.###....#
.....[...####..#
.........## #.##
..........# #.##
......$...###..#
....?..........## #
..........#.....#.#
...$......@Z##....#
...!.......(..#....#
..........##..#.##...
..##...c..#....# ..
.# #...........# {#
#..#..##.#.##
#....###.... #..###
##..#. # . #...#


You could see a centaur and an adder zombie.

Vanquished Creatures
  A hippogriff (D:6)
  Sigmund (D:5)
  Menkaure (D:5)
  Edmund (D:4)
  A water moccasin (D:6)
  Duvessa (D:5)
  An ice beast (D:6)
  2 phantoms
  A black bear (D:6)
  2 centaurs
  An ogre (D:6)
  A bullfrog (D:6)
  Dowan (D:5)
  4 wights (D:6)
  2 crimson imps
  3 jellies
  A bullfrog skeleton (D:6)
  3 hounds
  2 gnoll shamans (D:5)
  An orc priest (D:4)
  3 iguanas
  Ijyb (D:3)
  Terence (D:2)
  5 orc wizards
  4 worker ants
  9 gnolls
  9 adders
  2 shadow imps (D:6)
  An ooze (D:1)
  An adder zombie (D:5)
  An adder skeleton (D:5)
  2 worms
  2 dart slugs
  3 leopard geckos
  11 orcs
  7 giant cockroaches
  9 goblins
  4 hobgoblins
  4 jackals (D:3)
  4 quokkas
  6 bats
  9 frilled lizards
  6 kobolds
  A quokka skeleton (D:6)
  7 rats (D:3)
143 creatures vanquished.

Vanquished Creatures (others)
  A plant (D:5)
1 creature vanquished.

Grand Total: 144 creatures vanquished

Notes
Turn   | Place    | Note
-------+----------+-------------------------------------------
     0 | D:1      | DildoBatman the Formicid Wizard began the quest for the
                  | Orb.
     0 | D:1      | Reached XP level 1. HP: 13/13 MP: 4/4
    44 | D:1      | Reached skill level 1 in Conjurations
   264 | D:1      | Reached XP level 2. HP: 19/19 MP: 3/6
   655 | D:1      | Reached XP level 3. HP: 24/24 MP: 2/7
   660 | D:1      | Learned a level 3 spell: Conjure Flame
   664 | D:1      | Learned a level 3 spell: Mephitic Cloud
   812 | D:1      | You fall through a shaft!
  1578 | D:2      | Noticed Terence
  1767 | D:3      | Reached XP level 4. HP: 28/30 MP: 1/8
  1821 | D:3      | Found an opulent altar of Gozag.
  2095 | D:3      | Noticed Ijyb
  2526 | D:3      | Found a radiant altar of Vehumet.
  2574 | D:3      | You fall through a shaft for 3 floors!
  2588 | D:6      | Found a staircase to the Ecumenical Temple.
  2595 | Temple   | Entered the Ecumenical Temple
  2714 | Temple   | Became a worshipper of Kikubaaqudgha
  2740 | D:6      | Reached XP level 5. HP: 35/35 MP: 3/9
  2886 | D:6      | Noticed a black bear
  2991 | D:6      | Killed a black bear
  2991 | D:6      | Reached skill level 1 in Fire Magic
  2991 | D:6      | Reached skill level 1 in Poison Magic
  2991 | D:6      | Reached XP level 6. HP: 26/41 MP: 2/10
  3077 | D:6      | Reached skill level 1 in Air Magic
  3165 | D:6      | Noticed a phantom
  3457 | D:6      | Reached skill level 2 in Poison Magic
  3548 | D:6      | Found Saum Ege's General Store.
  3575 | D:6      | Reached skill level 5 in Conjurations
  3575 | D:6      | Reached XP level 7. HP: 46/46 MP: 1/11
  3728 | D:6      | Noticed a water moccasin
  3735 | D:6      | Killed a water moccasin
  3735 | D:6      | Reached skill level 3 in Poison Magic
  3858 | D:6      | Found a runed translucent gate.
  3858 | D:6      | Found a runed translucent gate.
  3862 | D:6      | Found a runed translucent gate.
  3895 | D:6      | Reached * piety under Kikubaaqudgha
  3895 | D:6      | Identified Kikubaaqudgha's Catalogue of Evil (Kikubaaqudgha
                  | gifted it to you on level 6 of the Dungeon)
  3895 | D:6      | Received a gift from Kikubaaqudgha
  3911 | D:6      | Found a white marble altar of Elyvilon.
  4007 | D:6      | Reached skill level 4 in Poison Magic
  4007 | D:6      | Reached XP level 8. HP: 52/52 MP: 9/12
  4271 | D:6      | Noticed Sassenached's ghost (novice DsWn)
  4533 | D:5      | Entered Level 5 of the Dungeon
  4905 | D:5      | Noticed Dowan
  4948 | D:5      | Reached skill level 1 in Polearms
  4959 | D:5      | Killed Dowan
  4966 | D:5      | Noticed Duvessa
  5006 | D:5      | Reached skill level 5 in Poison Magic
  5043 | D:5      | Killed Duvessa
  5270 | D:5      | Found a sacrificial altar of Ru.
  5279 | D:5      | Reached ** piety under Kikubaaqudgha
  5303 | D:5      | Noticed Menkaure
  5308 | D:5      | Killed Menkaure
  5340 | D:5      | Reached skill level 6 in Poison Magic
  5340 | D:5      | Reached XP level 9. HP: 31/57 MP: 8/13
  5392 | D:5      | Noticed Sigmund
  5405 | D:5      | Killed Sigmund
  5479 | D:5      | Learned a level 3 spell: Vampiric Draining
  5482 | D:5      | Learned a level 2 spell: Sublimation of Blood
  5689 | D:4      | Found a snail-covered altar of Cheibriados.
  5896 | D:4      | Noticed Edmund
  5925 | D:4      | Killed Edmund
  5925 | D:4      | Reached skill level 1 in Necromancy
  5925 | D:4      | Reached skill level 7 in Poison Magic
  6923 | D:3      | Killed Ijyb
  6989 | D:2      | Killed Terence
  7237 | D:7      | Noticed a hippogriff
  7433 | D:6      | Reached skill level 8 in Poison Magic
  7555 | D:6      | Killed a hippogriff
  7555 | D:6      | Reached skill level 5 in Spellcasting
  7598 | D:7      | Shot with an arrow by a centaur

Skill      XL: |  1  2  3  4  5  6  7  8  9 |
---------------+----------------------------+-----
Conjurations   | 1 2 3 4 5 6 |  6.1
Fire Magic     | 1 3 4 |  4.0
Poison Magic   | 1 2 4 6 8 |  8.0
Air Magic      | 1 2 3 4 |  4.1
Polearms       | 1 |  1.0
Necromancy     | 3 |  3.6
Spellcasting   | 5 |  5.1
Dodging        | |  1.7
Stealth        | |  2.4
Summonings     | |  1.0
Translocations | |  0.8

Action                   |  1- 3 |  4- 6 |  7- 9 || total
-------------------------+-------+-------+-------++-------
Melee: Unarmed           |     6 |       |       ||     6
       Dagger            |     6 |       |       ||     6
       Short sword       |       |    12 |       ||    12
       Quarterstaff      |       |     4 |     2 ||     6
       Spear             |       |       |   284 ||   284
 Fire: Hunting sling     |       |    62 |    74 ||   136
Throw: Stone             |     5 |       |       ||     5
       Tomahawk          |       |       |     2 ||     2
 Cast: Magic Dart        |    83 |    81 |    62 ||   226
       Mephitic Cloud    |     1 |     4 |    34 ||    39
       Conjure Flame     |       |     8 |    21 ||    29
 Abil: Dig               |       |     3 |    10 ||    13
  Use: Scroll            |       |     3 |     3 ||     6
       Potion            |       |       |     1 ||     1
 Stab: Confused          |     1 |       |    16 ||    17
       Sleeping          |       |       |     1 ||     1
  Eat: Chunk             |     2 |     5 |    17 ||    24
       Ration            |       |     1 |       ||     1
Armor: Robe              |     4 |     1 |    11 ||    16
Dodge: Dodged            |    14 |    24 |   128 ||   166
